Cogmind - Beta 9.4 @@@ ROGUE MODE // 2020.03.02 @ 09:14:43 Player: K.Ioz Result: Destroyed by G-34 Mercenary with Small Laser Performance ------------- Evolutions (0) 0 Regions Visited (1) 200 Robots Destroyed (15) 75 Value Destroyed (351) 351 Prototype IDs (0) 0 Alien Tech Used (0) 0 Bonus (0) 0 TOTAL SCORE: 626 Bonus ------- None Cogmind --------- Core Integrity 0/250 Matter 300/300 Energy 100/100 System Corruption 3% Temperature Cool (6) Movement Walking (120) Location -10/Materials Parts ------- > --- POWER (1) -------- (None) > --- PROPULSION (2) --- Aluminum Leg > --- UTILITY (2) ------ Small Storage Unit > --- WEAPON (2) ------- (None) > --- INVENTORY (6) ---- Light Ion Engine Flight Unit Flight Unit Flight Unit Visual Processing Unit Signal Interpreter Peak State ------------ > --- POWER ------------ Ion Engine > --- PROPULSION ------- Aluminum Leg Aluminum Leg > --- UTILITY ---------- Improved Heat Sink Small Storage Unit > --- WEAPON ----------- EM Pulse Gun Assault Rifle > --- INVENTORY -------- Ion Engine Aluminum Leg Aluminum Leg Hover Unit Utility Shielding Small Laser [Rating: 9] Favorites ----------- Power Ion Engine Engine Ion Engine Propulsion Aluminum Leg Leg Aluminum Leg Utility Small Storage Unit Device Improved Heat Sink Storage Small Storage Unit Weapon Assault Rifle Energy Gun EM Pulse Gun Ballistic Gun Assault Rifle Special Melee Weapon Datajack Build | -11 -10 ------- Run | Scr Mat Slots Evolved . | . . Power . | . . Propulsion . | . . Utility . | . . Weapon . | . . Parts Attached 11 | 5 6 Power 1 | 1 . Engine 1 | 1 . Core . | . . Reactor . | . . Propulsion 2 | 2 . Treads . | . . Leg 2 | 2 . Wheel . | . . Hover . | . . Flight . | . . Utility 2 | . 2 Device 1 | . 1 Storage 1 | . 1 Processor . | . . Hackware . | . . Protection . | . . Artifact . | . . Weapon 6 | 2 4 Energy Gun 2 | 1 1 Energy Cannon . | . . Ballistic Gun 3 | 1 2 Ballistic Cannon . | . . Launcher . | . . Special Weapon . | . . Impact Weapon . | . . Slashing Weapon . | . . Piercing Weapon . | . . Special Melee Weapon 1 | . 1 Unidentified Prototypes . | . . Parts Lost 8 | . 8 Power 1 | . 1 Propulsion 1 | . 1 Utility 1 | . 1 Weapon 5 | . 5 Highest Loss Streak 3 | . 3 Average Slot Usage (%) 92 | . 92 Engine 12 | . 12 Leg 27 | . 27 Device 11 | . 11 Storage 12 | . 12 Energy Gun 11 | . 11 Ballistic Gun 13 | . 13 Naked Turns . | . . Heaviest Build 14 | 9 14 Greatest Support 20 | 20 20 Greatest Overweight (x) . | . . Average Overweight (x) . | . . Largest Inventory Capacity 6 | 4 6 Average Capacity 5 | 4 5 Most Carried 6 | 3 6 Average Carried 5 | 1 5 Final Capacity 6 | 4 6 Final Carried 6 | 3 6 Class Distribution -------------------- 100% | Mutant Dominant Class ---------------- Mutant | -10/Materials Resources | -11 -10 ----------- Run | Scr Mat Matter Collected 414 | 178 236 Remotely . | . . Salvage Created 443 | . 443 Parts 28 | . 28 Haulers Intercepted . | . . Recyclers Shooed . | . . Parts Field Recycled . | . . Retrieved Matter . | . . Parts Self-Destructed . | . . Prevented . | . . Kills | -11 -10 ------- Run | Scr Mat Combat Hostiles Destroyed 12 | . 12 Melee 1 | . 1 Guns 11 | . 11 Classes Destroyed 3 | . 3 Watcher 3 | . 3 Swarmer 6 | . 6 Grunt 6 | . 6 Best Kill Streak 4 | . 4 Combat Bots Only 3 | . 3 Max Kills in Single Turn 1 | . 1 Gunslinging . | . . Exploded . | . . Melee 1 | . 1 Uniques/NPCs Destroyed . | . . Combat | -11 -10 -------- Run | Scr Mat Damage Taken 839 | . 839 Core 250 | . 250 Absorbed by Shields . | . . Core Remaining (%) 100 | 100 . Volleys Fired 54 | . 54 Largest 2 | . 2 Hottest 60 | . 60 Shots Fired 74 | . 74 Gun 74 | . 74 Cannon . | . . Launcher . | . . Special . | . . Kinetic 54 | . 54 Thermal 7 | . 7 Explosive . | . . Electromagnetic 13 | . 13 Robot Hit Streak 6 | . 6 Robot Miss Streak 3 | . 3 Penetration Max . | . . Secondary Targets . | . . Shots Hit Robots 46 | . 46 Core Hits 32 | . 32 Critical Hits . | . . Critical Kills . | . . Critical Parts Destroyed . | . . Melee Attacks 1 | . 1 Impact . | . . Slashing . | . . Piercing . | . . Sneak Attacks 1 | . 1 Combat Hostiles . | . . Follow-up Attacks . | . . Damage Inflicted 602 | . 602 Guns 572 | . 572 Cannons . | . . Explosions . | . . Melee . | . . Ramming 30 | . 30 Kinetic 496 | . 496 Thermal 22 | . 22 Explosive . | . . Electromagnetic 54 | . 54 Impact . | . . Slashing . | . . Piercing . | . . Highest Corruption 3 | . 3 Average Corruption 2 | . 2 Corruption Purged . | . . Effects 1 | . 1 Message Errors 1 | . 1 Overload Shots . | . . Overflow Damage . | . . Projectiles . | . . Explosions . | . . Melee . | . . Knockbacks . | . . Impact . | . . Kinetic . | . . Secondary . | . . Self-Inflicted Damage 9 | . 9 Shots . | . . Rammed 22 | . 22 Targets Rammed 27 | . 27 Kicked 5 | . 5 Crushed . | . . Highest Temperature 66 | . 66 Average Temperature 34 | . 34 Received Heat Transfer 306 | . 306 Siege Activations . | . . Robots Corrupted . | . . Combat Hostiles . | . . Parts Fried . | . . Impact Corruptions . | . . Robots Melted . | . . Combat Hostiles . | . . Parts Melted . | . . Heat Transferred 50 | . 50 Parts Sabotaged . | . . Parts Stolen . | . . Parts Stripped . | . . Power Chain Reactions . | . . Missiles Intercepted . | . . Alert | -11 -10 ------- Run | Scr Mat Peak Influence 134 | . 134 Average Influence 31 | . 34 Maximum Alert Level . | . . Low Security (%) 100 | 100 100 Level 1 . | . . Level 2 . | . . Level 3 . | . . Level 4 . | . . Level 5 . | . . High Security . | . . Max Security . | . . Squads Dispatched . | . . Investigation . | . . Extermination . | . . Reinforcement . | . . Assault . | . . Garrison . | . . Intercept . | . . Construction Impeded . | . . Haulers Reinforced . | . . Stealth | -11 -10 --------- Run | Scr Mat Distress Signals 1 | . 1 Communications Jammed . | . . Distress Signals . | . . Times Spotted 18 | . 18 Peak Tracking Total 4 | . 4 Tactical Retreats . | . . Traps | -11 -10 ------- Run | Scr Mat Traps Triggered 1 | . 1 Indirectly . | . . Trap Hack Attempts . | . . Triggered . | . . Disarmed . | . . Reprogrammed 5 | . 5 Reused . | . . Traps Extracted . | . . Installed . | . . Triggered . | . . Machines | -11 -10 ---------- Run | Scr Mat Machines Disabled . | . . Max in Single Turn . | . . Machines Sabotaged . | . . Garrisons Compromised . | . . Overloaded Fab Kills . | . . Fab Network Shutdowns . | . . Hacking | -11 -10 --------- Run | Scr Mat Machines Accessed 6 | . 6 Terminals 5 | . 5 Fabricators . | . . Repair Stations . | . . Recycling Units 1 | . 1 Scanalyzers . | . . Garrison Access . | . . Total Hacks 15 | . 15 Successful 10 | . 10 Failed 5 | . 5 Catastrophic . | . . Database Lockouts . | . . Manual . | . . Terminals 14 | . 14 Fabricators . | . . Repair Stations . | . . Recycling Units 1 | . 1 Scanalyzers . | . . Garrison Access . | . . Terminal Hacks 9 | . 9 Robot Analysis 2 | . 2 Emergency Access Points 2 | . 2 Unreport Threat 2 | . 2 Locate Traps 1 | . 1 Reprogram Traps 1 | . 1 Transport Status 1 | . 1 Fabricator Hacks . | . . Repair Station Hacks . | . . Recycling Unit Hacks 1 | . 1 Report Inventory 1 | . 1 Scanalyzer . | . . Garrison Access Hacks . | . . Unauthorized Hacks . | . . Terminals . | . . Fabricators . | . . Repair Stations . | . . Recycling Units . | . . Scanalyzers . | . . Garrison Access . | . . Data Cores Recovered . | . . Used . | . . Hacking Detections 5 | . 5 Full Trace Events . | . . Feedback Events . | . . Feedback Blocked . | . . Robot Schematics Acquired . | . . Robots Built . | . . Matter . | . . Time . | . . Total Robot Build Rating . | . . Part Schematics Acquired . | . . Parts Built . | . . Matter . | . . Time . | . . Total Part Build Rating . | . . Parts Repaired . | . . Time . | . . Parts Recycled . | . . Recycled Matter . | . . Retrieved Matter . | . . Retrieved Components . | . . Parts Scanalyzed . | . . Part Schematics Acquired . | . . Parts Damaged . | . . Bothacking | -11 -10 ------------ Run | Scr Mat Used RIF Installer . | . . Robots Hacked . | . . Non-combat . | . . Combat . | . . Robot Hacks Applied . | . . Relay Couplers Released . | . . Robots Rewired . | . . Allies Hacked . | . . Hacks Repelled . | . . Allies | -11 -10 -------- Run | Scr Mat Total Allies . | . . Largest Group . | . . Highest-Rated Group . | . . Highest-Rated Ally . | . . Total Orders . | . . Ally Attacks . | . . Total Damage . | . . Kills . | . . Allies Corrupted . | . . Allies Melted . | . . Intel | -11 -10 ------- Run | Scr Mat Robot Analysis Total 2 | . 2 Derelict Logs Recovered . | . . Drone Launches . | . . Drone Recoveries . | . . Exploration | -11 -10 ------------- Run | Scr Mat Turns Passed 1681 | 108 1573 Spaces Moved 851 | 110 741 Core 48 | 48 . Treads . | . . Legs 803 | 62 741 Wheels . | . . Hover . | . . Flight . | . . Fastest Speed 50 | 50 120 Average Speed 116 | 89 120 Slowest Speed 120 | 120 120 Overloaded Moves . | . . Propulsion Burnouts . | . . Robots Hopped . | . . Cave-ins Triggered . | . . Exploration Rate (%) 43 | 4 82 Regions Visited 1 Branch Regions . Pre-discovered Areas . | . . Known Exits Taken . | . . Unknown Exits Taken 1 | 1 . Scrap Searched . | . . Spaces Dug . | . . Terrain Destroyed . | . . Melee . | . . Projectile . | . . AOE . | . . Actions | -11 -10 --------- Run | Scr Mat Total 1464 | 117 1347 Wait 501 | . 501 Move 850 | 109 741 Hop . | . . Pick Up 14 | 3 11 Fast Attach 9 | 5 4 Attach 2 | . 2 Detach . | . . Swap . | . . Drop 6 | . 6 Fire 54 | . 54 Melee 1 | . 1 Ram . | . . Kick 27 | . 27 Crush . | . . Escape Stasis . | . . Rewire . | . . Trap . | . . Miscellaneous . | . . Route ------- -11/Scrapyard -10/Materials (discovered 3 exits: [*Mat x2] / [*Min]) History --------- Turn | Location | Event 4 | -11/Scrapyard | Discovered new exit (range 16) 109 | -11/Scrapyard | Entered Materials 231 | -10/Materials | Discovered new exit (range 16) 308 | -10/Materials | Build established: Mutant 964 | -10/Materials | Discovered new exit (range 12) 1040 | -10/Materials | Discovered new exit (range 14) 1626 | -10/Materials | Lost 3 parts (1p2w) 1639 | -10/Materials | Core integrity fell below 50% 1669 | -10/Materials | Core integrity fell below 20% 1682 | -10/Materials | Destroyed by G-34 Mercenary with Small Laser Last Messages --------------- 01656_ Slammed into G-34 Mercenary. 01658_ Broken Imp. Heat Sink destroyed. 01658_ Slammed into G-34 Mercenary. 01659_ Kicked G-34 Mercenary out of the way. 01660_ Slammed into G-34 Mercenary. 01660_ Destabilizing: Core damaged (-12). 01661_ Slammed into G-34 Mercenary. 01661_ Destabilizing: Core damaged (-7). 01662_ Slammed into G-34 Mercenary. 01664_ C>3JF=2J7#QMHDHYILK 01666_ R-06 Scavenger collects Lgt. Nuclear Core. 01666_ Slammed into G-34 Mercenary. 01667_ Kicked G-34 Mercenary out of the way. 01668_ Slammed into G-34 Mercenary. 01668_ Destabilizing: Core damaged (-7). 01670_ Slammed into G-34 Mercenary. 01676_ Kicked G-34 Mercenary out of the way. 01677_ Slammed into G-34 Mercenary. 01678_ Kicked G-34 Mercenary out of the way. Map ----- +----------------------------------------------------+ | ??????????????????????????# #????????# ## | | ??????????????????????????# ^########## ## | | ??????????????????????????#^ ## ##+##### " | | ??????????????????????????# ^ ### " | | ??????????????????????????# ^ < + " | | ??????????????????????????# ## | | ??????????????????????????# #" "# ##### | | ??????????????????????????# #" |"| "# # | | ??????????????????????????+ #""""""?# # | | ??????????????????????????# ######### # | | ????????????############### # | | ??????????? ##+## | | ??????????? | | ??????????? | | ??????????????????######### | | ??????????????????????????# % ##### | | ??????????????????????????# ############+#####?# | | ??????????????????????????# ######### % #?# | | ??????????????????????????# # #""" #?# | | ?????????????????########## # #""" #?# | | ?????????????????# # # ! #""" #?# | | ?????????????????#""" # # #""" #?# | | ?????????????????#""" %=# %#% # #?# | | ?????????????????#""" % %# %+ # #?? | | ?????????????????# %%%+% # """ # | #?? | | ?????????????????#""" %%%@# # """"" # #?? | | ?????????????????#"""%!%%%##### """"" ##########?? | | ?????????????????#"""%%%g%#???# """"" #??????????? | | ?????????????????# %%%%%%#???# """ #??????????? | | ?????????????????##########???######?##??????????? | | ?????????????????????????????????????????????????? | | ?????????????????????????????????????????????????? | | ?????????????????????????????????????????????????? | | ?????????????????????????????????????????????????? | | ?????????????????????????????????????????????????? | | ?????????????????????????????????????????????????? | | ?????????????????????????????????????????????????? | | ?????????????????????????????????????????????????? | | ?????????????????????????????????????????????????? | | ?????????????????????????????????????????????????? | | ?????????????????????????????????????????????????? | | ?????????????????????????????????????????????????? | | ?????????????????????????????????????????????????? | | | | | | | | | | | | | | | +----------------------------------------------------+ Best States ------------- Heat Dissipation 39 Energy Generation 10 Energy Capacity 250 Matter Stores 300 Matter Capacity 300 Sight Range 16 Terrain Scan Density 10 Evasion (%) 50 Item Schematics ----------------- None Robot Schematics ------------------ None Fabricated ------------ Nothing Alien Tech Used ----------------- None Achievements -------------- None Challenges ------------ None Game ------ Seed NeutralizingDynamicWand Manual? 0 Play Time 00:24:45 Cumulative 129.3 hours Start 2020.03.02 @ 08:39:02 End 2020.03.02 @ 09:14:43 Sessions 1 Manual Loads 0 Difficulty Rogue Special Mode None Game No. 83 Rogue 65 Adventurer 0 Explorer 18 Win Type - Total 2 Types 2/0/0/0/0/0/0 Lore% 57 Gallery% 58 Achievement% 51 Wizard Run 0 Options --------- ASCII 0 Keyboard 1 Movement Vi Keybinds 0 Fullscreen 1 Font 18/X11Bold Map View 76x50 Tactical HUD 1 Map Filters NONE Filters LOW_CONTRAST(47,30,31)|SHIFT_HUE(60) Steam 1 RUN: f83855a7-7729-4f1c-a4a7-632b99fee3d9